 Dungeon Crawl Stone Soup version 0.18-a0-1507-g69458e0 (webtiles) character file.

125 Goblin1989 the Chopper (level 4, 0/33 HPs)
             Began as a Demonspawn Gladiator on Mar 5, 2016.
             Slain by a gnoll
             ... wielding a +0 spear
              (1 damage)
             ... on level 3 of the Dungeon.
             The game lasted 00:04:30 (1449 turns).

Goblin1989 the Chopper (Demonspawn Gladiator)       Turns: 1449, Time: 00:04:31

Health: 0/33       AC: 11    Str: 16    XL:     4   Next: 82%
Magic:  4/4        EV: 11    Int: 10    God:
Gold:   147        SH:  0    Dex: 12    Spells: 0 memorised, 3 levels left

rFire  . . .     SeeInvis .     a - +0 war axe
rCold  . . .     Gourm    .     m - +0 ring mail
rNeg   . . .     Faith    .     (no shield)
rPois  .         Spirit   .     c - +0 helmet
rElec  .         Dismiss  .     k - +0 cloak
rCorr  .         Reflect  .     (no gloves)
SustAt .         Harm     .     (no boots)
MR     .....                    (no amulet)
Stlth  +.........               (no ring)
                                (no ring)

@: not resistant to hostile enchantments, very unstealthy
A: rough black scales 1, powered by pain 1
a: no special abilities


You were on level 3 of the Dungeon.
You were not hungry.

You visited 1 branch of the dungeon, and saw 3 of its levels.

You collected 147 gold pieces.

Inventory:

Hand Weapons
 a - a +0 war axe (weapon)
Missiles
 d - 4 throwing nets (quivered)
Armour
 c - a +0 helmet (worn)
 k - a +0 cloak (worn)
 m - a +0 ring mail (worn)
Jewellery
 t - an uncursed ring of sustain attributes {unknown}
 w - a cursed ring of teleportation {unknown}
Wands
 v - a wand of iceblast (8/15)
Scrolls
 b - a scroll of blinking {unknown}
 g - a scroll of remove curse {unknown}
 h - a scroll of identify {unknown}
 q - a scroll of random uselessness {unknown}
 s - 2 scrolls of immolation {unknown}
 u - a scroll of enchant armour {unknown}
Potions
 e - a potion of mutation {unknown}
 i - a potion of invisibility {unknown}
 l - 2 potions of degeneration {unknown}
 o - a potion of curing {unknown}
 p - a potion of haste
Comestibles
 f - 2 bread rations
 j - a slice of pizza
 n - 2 meat rations
 r - 3 fruits


   Skills:
 - Level 2.0 Fighting
 * Level 5.1 Axes
 - Level 1.7 Throwing
 - Level 2.6 Dodging


You had 3 spell levels left.
You didn't know any spells.

Dungeon Overview and Level Annotations

Branches:
Dungeon (2/15)

Altars:


Innate Abilities, Weirdness & Mutations

You are partially covered in rough black scales (AC +4, Dex -1).
You sometimes gain a little power by taking damage.


Message History

You hit the gnoll.
The gnoll is moderately wounded.
The gnoll closely misses you. The gnoll hits you with a club.
The gnoll hits you but does no damage.
You barely miss the gnoll.
The gnoll is moderately wounded.
The gnoll closely misses you.
The gnoll hits you from afar with a spear!
* * * LOW HITPOINT WARNING * * *
You are too injured to fight recklessly!
You are too injured to fight recklessly!
You are too injured to fight recklessly!
You are too injured to fight recklessly!
You are too injured to fight recklessly!
You are too injured to fight recklessly!
You are too injured to fight recklessly!
Things that are here:
an uncursed hunting sling of flaming; 8 sling bullets; a goblin corpse The gnoll hits you from afar with a spear.
You die...

#####.........
.........######
.####......# #
.####.)..#.#
#.##.##.....##.#
..>..#.....[##.#
#..#..#...##.#
###....(.........
#.@.......#.#####
#g#.##..###.#
#.##.#g##......#
#.....).)..#####
###..####..# #..#
#.......# #...
#.###...# #.##
#.# ...# #. #.#
..#


You could see 2 gnolls.

Vanquished Creatures
  Robin (D:3)
  A gnoll (D:3)
  4 adders
  An ooze (D:2)
  A giant cockroach (D:1)
  16 goblins
  5 hobgoblins
  9 jackals
  7 bats
  3 giant newts
  8 kobolds
  5 rats (D:1)
61 creatures vanquished.

Notes
Turn   | Place    | Note
--------------------------------------------------------------
     0 | D:1      | Goblin1989 the Demonspawn Gladiator began the quest for the Orb.
     0 | D:1      | Reached XP level 1. HP: 16/16 MP: 1/1
    43 | D:1      | Reached skill level 3 in Axes
   378 | D:1      | Gained mutation: You are partially covered in rough black scales (AC +4, Dex -1). [demonic ancestry]
   378 | D:1      | Reached XP level 2. HP: 22/22 MP: 2/2
   807 | D:2      | Gained mutation: You sometimes gain a little power by taking damage. [demonic ancestry]
   807 | D:2      | Reached XP level 3. HP: 25/27 MP: 3/3
   880 | D:2      | Reached skill level 4 in Axes
  1230 | D:2      | Reached XP level 4. HP: 31/33 MP: 4/4
  1249 | D:2      | You fall through a shaft!
  1398 | D:3      | Noticed Robin
  1414 | D:3      | Killed Robin
  1422 | D:3      | Reached skill level 5 in Axes
  1444 | D:3      | HP: 1/33 [gnoll/spear (10)]
  1449 | D:3      | Slain by a gnoll

Vault maps used:
D:1:      dpeg_arrival_tiny_a
D:2:      marbit_many_paths, minmay_misc_feat_five
D:3:      nicolae_dithmenos_shadow_blocks, uniq_robin

Skill      XL: |  1  2  3  4 |
---------------+-------------+-----
Axes           | 3 4 5 |  5.1
Fighting       | |  2.0
Throwing       | |  1.7
Dodging        | |  2.6

Action                   |  1- 3 |  4- 6 || total
-------------------------+-------+-------++-------
Melee: War axe           |   112 |    62 ||   174
  Eat: Chunk             |       |     2 ||     2
